 Dungeon Crawl Stone Soup version 0.26.1-11-gd32895ea62 (webtiles) character file.

Game seed: 8942338582268411368

100 phalm the Conjurer (level 4, 33/33 HPs)
             Began as a Demonspawn Conjurer on June 24, 2021.
             Quit the game on level 2 of the Dungeon.
             The game lasted 00:02:55 (2085 turns).

phalm the Conjurer (Demonspawn Conjurer)            Turns: 2085, Time: 00:02:56

Health: 33/33      AC:  5    Str:  7    XL:     4   Next: 47%
Magic:  8/8        EV: 12    Int: 20    God:
Gold:   86         SH:  0    Dex: 12    Spells: 1/8 levels left

rFire    . . .     SeeInvis .   c - +2 hand axe (elec)
rCold    + . .     Faith    .   (no shield)
rNeg     . . .     Spirit   .   a - +0 robe
rPois    .         Reflect  .   (no helmet)
rElec    .         Harm     .   (no cloak)
rCorr    .         Rampage  .   (no gloves)
Will     .....                  m - +0 pair of boots
Stlth    ++........             (no amulet)
HPRegen  0.11/turn              (no ring)
MPRegen  0.11/turn              (no ring)

@: no status effects
A: iridescent scales 1, cold resistance 1
a: no special abilities


You were on level 2 of the Dungeon.
You visited 1 branch of the dungeon, and saw 4 of its levels.

You collected 86 gold pieces.


Innate Abilities, Weirdness & Mutations

You are partially covered in iridescent scales. (AC +2)
Your flesh is cold resistant. (rC+)


   Skills:
 + Level 1.9 Fighting
 - Level 1.7 Dodging
 - Level 1.7 Stealth
 + Level 2.7 Spellcasting
 + Level 5.1 Conjurations
 * Level 0.0 Translocations


You had one spell level left.
You knew the following spells:

 Your Spells              Type           Power        Failure   Level
m - Magic Dart            Conj           92%          1%          1
s - Searing Ray           Conj           46%          2%          2
X - Iskenderun's Mystic   Conj/Tloc      12%          45%         4

Your spell library contained the following spells:

 Spells                   Type           Power        Failure   Level
 Dazzling Flash           Conj/Hex       24%          16%         3
 Fulminant Prism          Conj/Hex       6%           45%         4

Inventory:

Hand Weapons
 c - a +2 hand axe of electrocution (weapon)
   (You found it on level 1 of the Dungeon)
Missiles
 f - 30 stones (quivered)
Armour
 a - a +0 robe (worn)
 m - a +0 pair of boots (worn)
   (You found it on level 2 of the Dungeon)
Scrolls
 b - a scroll of enchant weapon {unknown}
 d - a scroll of magic mapping {unknown}
 e - a scroll of fog {unknown}
 h - 2 scrolls of remove curse {unknown}
 j - a scroll of noise {unknown}
 k - a scroll of identify {unknown}
 l - a scroll of amnesia {unknown}
 n - 3 scrolls of teleportation {unknown}
Potions
 g - a potion of lignification {unknown}
 i - a potion of magic {unknown}

Dungeon Overview and Level Annotations

Branches:
Dungeon (4/15)
 Temple: D:4-7

Altars:
Elyvilon

#.#.# #.#.## #........
#.#..# #........
##.##.## #........
##......# #........ #
#.......# #........ #
#....♣..# #.†......
###...P...######........
..'.............@[.....>
###.......######........
#.......# ########.
#.......# #.......#
#.......# #.......#
#.......#


There were no monsters in sight!


Message History

Aim: an adder (37% to evade)
The searing ray hits the adder. (Press . to maintain the ray.) 😮 MP[-1]
You lost 1 mp, and now have 3/7 mp.
The searing ray misses the adder. 😮 MP[-1]
You lost 1 mp, and now have 2/7 mp.
The searing ray hits the adder.
The adder bites you but does no damage. 😮 MP[-1]
You lost 1 mp, and now have 1/7 mp.
The searing ray hits the adder!
You kill the adder!
You finish channeling your searing ray. 😮 MP[-1]
You lost 1 mp, and now have 0/7 mp.
f - 29 stones (gained 3)
f - 30 stones (gained 1)
Things that are here:
a +0 leather armour; a bat corpse; a kobold corpse 😎 HP[+11] MP[+7]
Your hp is fully restored (33).
Your mp is fully restored (7).
Found an escape hatch in the floor.
You open the door.
There is an open door here.
An adder comes into view.
You see here a scroll labelled AWKEQITUOC.
Casting: Searing Ray (safe; 2% risk of failure)
Confirm with . or Enter, or press ? or * to list all spells.
Aiming: Magic Dart (safe; 1% risk of failure)
Press: ? - help, Shift-Dir - straight line, f - adder
Aim: an adder (asleep, 0% to evade)
The magic dart hits the adder.
The adder hisses angrily. 😎 MP[-1]
You lost 1 mp, and now have 6/7 mp.
Casting: Magic Dart (safe; 1% risk of failure)
Confirm with . or Enter, or press ? or * to list all spells.
Aiming: Magic Dart (safe; 1% risk of failure)
Press: ? - help, Shift-Dir - straight line, f/p - adder
Aim: an adder (lightly wounded, 0% to evade)
The magic dart hits the adder. 😎 MP[-1]
You lost 1 mp, and now have 5/7 mp.
Casting: Magic Dart (safe; 1% risk of failure)
Confirm with . or Enter, or press ? or * to list all spells.
Aiming: Magic Dart (safe; 1% risk of failure)
Press: ? - help, Shift-Dir - straight line, f/p - adder
Aim: an adder (heavily wounded, 0% to evade)
The magic dart hits the adder. 😎 MP[-1]
You lost 1 mp, and now have 4/7 mp.
Casting: Magic Dart (safe; 1% risk of failure)
Confirm with . or Enter, or press ? or * to list all spells.
Aiming: Magic Dart (safe; 1% risk of failure)
Press: ? - help, Shift-Dir - straight line, f/p - adder
Aim: an adder (severely wounded, 0% to evade)
The magic dart hits the adder. 😎 MP[-1]
You lost 1 mp, and now have 3/7 mp.
You closely miss the adder. The adder completely misses you.
You barely miss the adder. The adder bites you but does no damage.
The adder closely misses you.
You hit the adder.
You kill the adder!
n - 3 scrolls labelled AWKEQITUOC (gained 1)
A giant cockroach comes into view.
The giant cockroach moves out of view. 😎 MP[+5]
Your mp is fully restored (8).
Unknown command.
This spell is potentially lethal to cast!
Memorise Iskenderun's Mystic Blast, consuming 4 spell levels and leaving 1?
You start memorising the spell.
You continue memorising. x4
You finish memorising.
Spell assigned to 'X'.
A giant cockroach is nearby!
Casting: Magic Dart (safe; 1% risk of failure)
Confirm with . or Enter, or press ? or * to list all spells.
Aiming: Magic Dart (safe; 1% risk of failure)
Press: ? - help, Shift-Dir - straight line, f - giant cockroach
Aim: a giant cockroach (0% to evade)
The magic dart hits the giant cockroach. 😎 MP[-1]
You lost 1 mp, and now have 7/8 mp.
Casting: Magic Dart (safe; 1% risk of failure)
Confirm with . or Enter, or press ? or * to list all spells.
Aiming: Magic Dart (safe; 1% risk of failure)
Press: ? - help, Shift-Dir - straight line, f/p - giant cockroach
Aim: a giant cockroach (heavily wounded, 0% to evade)
The magic dart hits the giant cockroach.
You kill the giant cockroach! 😎 MP[-1]
You lost 1 mp, and now have 6/8 mp.
Casting: Magic Dart (safe; 1% risk of failure)
Confirm with . or Enter, or press ? or * to list all spells.
You can't see any susceptible monsters within range! (Use Z to cast anyway.)
Found a stone staircase leading down. 😎 MP[+2]
Your mp is fully restored (8).
Are you sure you want to abandon this character and quit the game? (Confirm with "yes".)

Skill      XL: |  1  2  3  4 |
---------------+-------------+-----
Fighting       | 1 |  1.9
Conjurations   | 5 |  5.1
Dodging        | |  1.7
Stealth        | |  1.7
Spellcasting   | |  2.7

Action                   |  1- 3 |  4- 6 || total
-------------------------+-------+-------++-------
Melee: Unarmed           |    15 |       ||    15
       Hand axe          |    19 |    11 ||    30
Throw: Stone             |       |     4 ||     4
 Cast: Magic Dart        |    62 |     7 ||    69
       Searing Ray       |     1 |     1 ||     2
Armor: Robe              |    20 |     7 ||    27
Dodge: Dodged            |    31 |    12 ||    43

Levels and vault maps discovered:
D:1:      ldierk_walled_garden, layout_loops_ring,
          minmay_misc_feat_secret_circle
D:2:      cheibrodos_greedy_goblins, layout_basic, serial_park_tiny_1,
          moated_statue
D:3:      layout_basic, ebering_ghost_reflecting_pool,
          chequers_ecumenical_altar_simple_redux, minmay_fractal_squares_5,
          uniq_crazy_yiuf_cottage
D:4:      layout_layer_cave, lemuel_doored_altar, old_standard_altar,
          elyvilon_altar_4

Notes
Turn   | Place    | Note
-------+----------+-------------------------------------------
     0 | D:1      | phalm the Demonspawn Conjurer began the quest for the Orb.
     0 | D:1      | Reached XP level 1. HP: 13/13 MP: 3/3
     0 | D:1      | magus.rc [v1.9.10]
   221 | D:1      | HP: 3/13 [ooze (2)]
   224 | D:1      | Gained mutation: You are partially covered in iridescent
                  | scales. (AC +2) [demonic ancestry]
   224 | D:1      | Reached XP level 2. HP: 4/20 MP: 0/5
   736 | D:1      | Reached skill level 1 in Fighting
  1157 | D:1      | Reached XP level 3. HP: 18/26 MP: 2/6
  1177 | D:1      | Learned a level 2 spell: Searing Ray
  1735 | D:2      | You fall into a shaft and drop 2 floors!
  1755 | D:4      | Found a white marble altar of Elyvilon.
  1780 | D:2      | Gained mutation: Your flesh is cold resistant. (rC+)
                  | [demonic ancestry]
  1780 | D:2      | Reached XP level 4. HP: 17/33 MP: 0/7
  1782 | D:2      | Reached skill level 5 in Conjurations
  2064 | D:2      | Learned a level 4 spell: Iskenderun's Mystic Blast
  2085 | D:2      | Quit the game

Vanquished Creatures
  A hound (D:2)
  2 adders (D:2)
  An ooze (D:1)
  3 dart slugs (D:1)
  A leopard gecko (D:1)
  6 bats
  4 giant cockroaches
  4 hobgoblins (D:1)
  4 jackals (D:1)
  2 frilled lizards
  8 kobolds
  4 rats (D:1)
40 creatures vanquished.

Vanquished Creatures (others)
  A frilled lizard (D:4)
  3 plants (D:1)
  5 toadstools (D:1)
9 creatures vanquished.

Grand Total: 49 creatures vanquished

Table legend:
 A = Non-vault XP
 B = Vault XP
 C = Vault XP percentage of total XP
 D = Non-vault monster count
 E = Vault monster count
 F = Vault count percentage of total count
                 A         B        C        D         E       F
            +---------+---------+-------+---------+---------+-------
      Total |     144 |       0 |   0.0 |      40 |       0 |   0.0
            +---------+---------+-------+---------+---------+-------
        D:1 |      65 |       0 |   0.0 |      32 |       0 |   0.0
        D:2 |      78 |       0 |   0.0 |       7 |       0 |   0.0
        D:4 |       1 |       0 |   0.0 |       1 |       0 |   0.0
            +---------+---------+-------+---------+---------+-------

Illustrated notes

Table legend:
 A = Kills in this place as a percentage of kills in entire the game.
 B = Kills by you in this place as a percentage of kills by you in the entire game.
 C = Kills by friends in this place as a percentage of kills by friends in the entire game.
 D = Other kills in this place as a percentage of other kills in the entire game.
 E = Experience gained in this place as a percentage of experience gained in the entire game.
 F = Experience gained in this place divided by the number of levels of this place that you have seen.
                   A       B       C       D       E      F
               +-------+-------+-------+-------+-------+----------------------
         Total | 100.0 | 100.0 |   N/A |   N/A | 100.0 |  36.0
       Dungeon | 100.0 | 100.0 |   N/A |   N/A | 100.0 |  36.0
               +-------+-------+-------+-------+-------+----------------------

Table legend: (Time is in decaauts)
 A = Elapsed time spent in this place.
 B = Non-inter-level travel time spent in this place.
 C = Inter-level travel time spent in this place.
 D = Time resting spent in this place.
 E = Time spent auto-exploring this place.
 F = Levels seen in this place.
 G = Mean time per level.
                   A        B        C        D        E       F      G
               +--------+--------+--------+--------+--------+-----+--------+
         Total |   2095 |   2067 |     28 |      0 |   1809 |   4 |  523.8 |
       Dungeon |   2095 |   2067 |     28 |      0 |   1809 |   4 |  523.8 |
               +--------+--------+--------+--------+--------+-----+--------+

Top non-repeatable levels by time:
     D:1: 1681 daAuts
     D:2: 375 daAuts
     D:4: 31 daAuts
     D:3: 7 daAuts
